 Dungeon Crawl Stone Soup version 0.28-a0-687-gb91baff9cc (webtiles) character file.

Game seed: 8499519786564070350

2132 Irenicus the Geomancer (level 9, -8/102 HPs)
             Began as a Deep Dwarf Earth Elementalist on Oct 19, 2021.
             Mangled by a cyclops (18 damage)
             ... on level 6 of the Dungeon.
             The game lasted 00:23:11 (2614 turns).

Irenicus the Geomancer (DDEE)                       Turns: 2614, Time: 00:23:12

Health: -8/102     AC:  6    Str: 12    XL:     9   Next: 9%
Magic:  0/17       EV: 12    Int: 19    God:
Gold:   150        SH:  0    Dex: 13    Spells: 13/19 levels left

rFire   . . .      SeeInvis +   t - +9 spear of Crystal {pain, rN+}
rCold   . . .      Faith    .   (no shield)
rNeg    + . .      Spirit   .   j - +0 leather armour
rPois   .          Reflect  .   e - +1 helmet
rElec   .          Harm     .   k - +0 cloak
rCorr   .          Rampage  .   (no gloves)
Will    +....                   (no boots)
Stlth   ..........              (no amulet)
HPRegen 0.00/turn               Z - ring of wizardry
MPRegen 0.15/turn               v - ring of see invisible

@: berserking, attractive, very slightly contaminated, invisible, very quick
A: damage resistance, heal wounds, sense surroundings 2, no regeneration
a: Heal Wounds


You were on level 6 of the Dungeon.
You visited 2 branches of the dungeon, and saw 7 of its levels.

You collected 150 gold pieces.


Innate Abilities, Weirdness & Mutations

You are resistant to damage.
You can heal yourself by infusing magical energy.
You passively map the area around you.
You do not regenerate.


   Skills:
 - Level 2.1 Dodging
 - Level 2.4 Stealth
 + Level 5.9 Spellcasting
 - Level 0.8 Transmutations
 + Level 13.3 Earth Magic


You had 13 spell levels left.
You knew the following spells:

 Your Spells              Type           Power      Damage    Failure   Level
t - Stone Arrow           Conj/Erth      60%        3d10      1%          3
w - Passwall              Tmut/Erth      26%        N/A       1%          2
z - Sandblast             Erth           100%       2d20      1%          1

Your spell library contained the following spells:

 Spells                   Type           Power      Damage    Failure   Level
 Petrify                  Tmut/Erth      32%        N/A       3%          4
 Foxfire                  Conj/Fire      20%        2x1d5     6%          1
 Conjure Flame            Conj/Fire      5%         6-21      17%         3
 Inner Flame              Hex/Fire       5%         N/A       17%         3
 Flame Wave               Conj/Fire      5%         3d4       47%         4

Inventory:

Hand Weapons
 d - a +1 dagger
 s - a +4 short sword
 t - the +9 spear of Crystal (weapon) {pain, rN+}
   (You found it on level 6 of the Dungeon)

   In the hands of one skilled in necromantic magic, it inflicts extra damage on
   living creatures.
   rN:        It protects you from negative energy.
Missiles
 c - 48 stones
Armour
 e - a +1 helmet (worn)
 j - a +0 leather armour (worn)
 k - a +0 cloak (worn)
Magical Staves
 i - a staff of cold {!a}
Jewellery
 v - a ring of see invisible (right hand)
 F - a ring of protection from fire
 Z - a ring of wizardry (left hand)
Wands
 a - a wand of flame (17)
 p - a wand of mindburst (10)
 u - a wand of acid (5)
Scrolls
 f - 3 scrolls of enchant weapon
 h - 3 scrolls of fog
 m - a scroll of brand weapon {unknown}
Potions
 b - a potion of lignification
 l - a potion of curing {@q1}
 n - a potion of might
 o - a potion of resistance {unknown}

Dungeon Overview and Level Annotations

Branches:
Dungeon (6/15)             Temple (1/1) D:6

Altars:
Ashenzari
Cheibriados
Dithmenos
Fedhas
Gozag
Hepliaklqana
Kikubaaqudgha
Qazlal
Sif Muna
Trog
Vehumet
Wu Jian
Yredelemnul
Zin
The Shining One

Shops:
D:5 **

Annotations:
D:4 1 runed translucent door, Shym's ghost, novice BaIE

...#...#......#.##..####...####..
...... #.....#.......#....####...
....#* #........#.#.......###..#.
..... #...########.......#..#.###
.........## ,+..##.......#.)...#
......... , #..##....#......###
.......*, #8.##..###.........
......# * ##T##...##.........
...... +.@.###.#....#.#..# ,.. ,
* #.C8# ......#.##.? ... ##'##
............ #....... ,
,#8.#,....##........ .........
,**#..#............... .........#
+(.##..........#..## ...>.
....########..........##...
......##.........#...............
......#......................##).


You could see a cyclops and a troll.


Message History

Casting: Stone Arrow (safe; 1% risk of failure)
Confirm with . or Enter, or press ? or * to list all spells.
Aiming: Stone Arrow (safe; 1% risk of failure)
Press: ? - help, Shift-Dir - straight line, f - troll
Aim: a troll (74% to hit)
The stone arrow hits the troll!
The troll is moderately wounded.
The troll bites you. The troll misses you. The troll barely misses you.
Casting: Stone Arrow (safe; 1% risk of failure)
Confirm with . or Enter, or press ? or * to list all spells.
Aiming: Stone Arrow (safe; 1% risk of failure)
Press: ? - help, Shift-Dir - straight line, f/p - troll
Aim: a troll (moderately wounded, 74% to hit)
The stone arrow misses the troll.
A cyclops opens the door.
The troll bites you but does no damage. The troll misses you.
The troll claws you.
* * * LOW HITPOINT WARNING * * *
It was a potion of attraction.
You feel attractive to monsters. The troll misses you.
The troll closely misses you. The troll completely misses you.
The cyclops is attracted toward you.
It was a potion of berserk rage.
A red film seems to cover your vision as you go berserk!
You feel yourself moving faster!
You feel mighty! The troll bites you!
* * * LOW HITPOINT WARNING * * *
The troll closely misses you. The troll claws you.
You puncture the troll!
The troll is heavily wounded.
The cyclops hits you!!
You die...

Skill      XL: |  1  2  3  4  5  6  7  8 |
---------------+-------------------------+-----
Earth Magic    | 5 6 7 8 10 11 13 | 13.3
Spellcasting   | 2 4 5 |  5.9
Dodging        | |  2.1
Stealth        | |  2.4
Transmutations | |  0.8

Action                   |  1- 3 |  4- 6 |  7- 9 || total
-------------------------+-------+-------+-------++-------
Melee: Unarmed           |    15 |       |       ||    15
       Dagger            |    15 |    33 |     9 ||    57
       Staff             |     1 |     4 |       ||     5
       Spear             |       |       |     9 ||     9
 Cast: Sandblast         |    28 |    64 |    85 ||   177
       Passwall          |       |     1 |     2 ||     3
       Stone Arrow       |       |     8 |    18 ||    26
 Abil: Heal Wounds       |       |     1 |     2 ||     3
Evoke: Wand              |       |       |     5 ||     5
  Use: Scroll            |       |     6 |     3 ||     9
       Potion            |       |     2 |     4 ||     6
 Stab: Sleeping          |     2 |     1 |     1 ||     4
Armor: Robe              |     8 |       |       ||     8
       Leather armour    |       |    16 |    18 ||    34
Dodge: Dodged            |    37 |    40 |    38 ||   115

Levels and vault maps discovered:
D:1:      wander_arrival_chamber, layout_rooms
D:2:      layout_rooms, dreamdust_ecumenical_altar_drowned_temple,
          uniq_crazy_yiuf_cottage, uniq_natasha, uniq_robin, uniq_jessica
D:3:      wander_river, layout_loops_ring, general_overflow_altar,
          lemuel_coloured_pillars_altar, lemuel_crystal_altar, uniq_ijyb
D:4:      layout_cave_pools, ebering_ghost_sewer_d
D:5:      layout_layer_cave, minmay_misc_feat_five, nicolae_specific_store,
          minmay_misc_feat_diagonals, uniq_menkaure, uniq_edmund, uniq_sigmund
D:6:      minmay_chambers_of_sixes, layout_cave_pools, tgw_kikubaaqudgha,
          mainiacjoe_overflow_24_doors, temple_statues,
          hangedman_abyss_or_decor_jellyfish_corner
Temple:   oiseaux_autumnal_temple

Notes
Turn   | Place    | Note
-------+----------+-------------------------------------------
     0 | D:1      | Irenicus the Deep Dwarf Earth Elementalist began the quest
                  | for the Orb.
     0 | D:1      | Reached XP level 1. HP: 15/15 MP: 3/3
    81 | D:1      | Reached XP level 2. HP: 22/22 MP: 0/4
   122 | D:1      | Reached skill level 5 in Earth Magic
   244 | D:1      | Reached XP level 3. HP: 22/28 MP: 0/5
   358 | D:2      | Reached skill level 6 in Earth Magic
   358 | D:2      | Reached XP level 4. HP: 29/36 MP: 0/6
   388 | D:2      | Found a faded altar of an unknown god.
   454 | D:2      | Found a runed translucent door.
   455 | D:2      | Noticed Crazy Yiuf
   460 | D:2      | Killed Crazy Yiuf
   461 | D:2      | Reached skill level 7 in Earth Magic
   489 | D:2      | Learned a level 2 spell: Passwall
   493 | D:2      | Learned a level 3 spell: Stone Arrow
   515 | D:2      | Noticed Natasha
   519 | D:2      | Killed Natasha
   565 | D:2      | Noticed Jessica
   571 | D:2      | Killed Jessica
   572 | D:2      | Reached XP level 5. HP: 30/42 MP: 2/7
   600 | D:2      | Reached skill level 8 in Earth Magic
   611 | D:2      | Noticed Natasha
   625 | D:2      | Killed Natasha
   698 | D:2      | Noticed Robin
   730 | D:2      | Killed Robin
   771 | D:2      | Noticed Natasha
   777 | D:2      | Killed Natasha
   874 | D:3      | Reached XP level 6. HP: 10/49 MP: 6/8
   888 | D:3      | Reached skill level 9 in Earth Magic
  1091 | D:5      | Entered Level 5 of the Dungeon
  1102 | D:5      | Noticed Menkaure
  1189 | D:5      | Noticed a sky beast
  1198 | D:5      | Killed a sky beast
  1199 | D:5      | Reached skill level 10 in Earth Magic
  1290 | D:5      | Noticed Edmund
  1320 | D:6      | Noticed an orc warrior
  1349 | D:5      | Killed Edmund
  1350 | D:5      | Reached skill level 2 in Spellcasting
  1350 | D:5      | Reached XP level 7. HP: 9/55 MP: 0/10
  1434 | D:4      | HP: 4/55 [iguana (10)]
  1435 | D:4      | HP: 1/55 [iguana (3)]
  1475 | D:4      | Reached skill level 3 in Spellcasting
  1570 | D:4      | Reached skill level 11 in Earth Magic
  1769 | D:4      | Found a runed translucent door.
  1774 | D:4      | Noticed Shym's ghost (novice BaIE)
  1815 | D:5      | Killed Menkaure
  1816 | D:5      | Reached skill level 4 in Spellcasting
  1816 | D:5      | Reached XP level 8. HP: 20/62 MP: 2/14
  1901 | D:5      | Found Loimen's Specific Store.
  1901 | D:5      | Found Esic's General Store.
  2026 | D:5      | Reached skill level 12 in Earth Magic
  2161 | D:6      | Found a staircase to the Ecumenical Temple.
  2177 | Temple   | Entered the Ecumenical Temple
  2363 | D:6      | Reached skill level 5 in Spellcasting
  2392 | D:6      | Identified the +9 spear of Crystal {pain, rN+}
  2419 | D:6      | Found an ancient bone altar of Kikubaaqudgha.
  2481 | D:6      | Found a broken altar of Ashenzari.
  2483 | D:6      | HP: 5/62 [centaur/arrow (6)]
  2487 | D:6      | Reached skill level 13 in Earth Magic
  2488 | D:6      | Gained mutation: You passively map the area around you.
                  | [Deep Dwarf growth]
  2488 | D:6      | Reached XP level 9. HP: 22/68 MP: 2/17
  2606 | D:6      | Noticed a troll
  2606 | D:6      | Noticed a cyclops
  2613 | D:6      | HP: 10/102 [troll (11)]
  2614 | D:6      | Mangled by a cyclops

Vanquished Creatures
  Menkaure (D:5)
  Edmund (D:5)
  A black bear (D:6)
  2 ice beasts
  2 sky beasts
  2 orc warriors (D:6)
  2 centaurs
  A phantom (D:5)
  A gnoll sergeant (D:4)
  A scorpion (D:6)
  2 howler monkeys (D:5)
  A centaur zombie (D:5)
  A jelly (D:2)
  2 orc priests
  Crazy Yiuf (D:2)
  2 bullfrog skeletons (D:6)
  Jessica (D:2)
  5 orc wizards
  Natasha (thrice) (D:2)
  3 iguanas
  A howler monkey zombie (D:5)
  Robin (D:2)
  8 gnolls
  7 adders
  A shadow imp (D:5)
  An ufetubus (D:6)
  An adder skeleton (D:5)
  3 worms
  3 dart slugs
  16 orcs
  5 ball pythons
  4 bats
  4 endoplasms
  5 giant cockroaches
  18 goblins
  10 hobgoblins
  3 kobolds
  A quokka (D:2)
  5 frilled lizards
  4 rats
  A spectral kobold (D:2)
137 creatures vanquished.

Vanquished Creatures (others)
  A human (D:6)
1 creature vanquished.

Grand Total: 138 creatures vanquished

Table legend: (Time is in decaauts)
 A = Elapsed time spent in this place.
 B = Non-inter-level travel time spent in this place.
 C = Inter-level travel time spent in this place.
 D = Time resting spent in this place.
 E = Time spent auto-exploring this place.
 F = Levels seen in this place.
 G = Mean time per level.
                   A        B        C        D        E       F      G
               +--------+--------+--------+--------+--------+-----+--------+
         Total |   2627 |   2563 |     64 |      0 |      0 |   7 |  375.3 |
       Dungeon |   2464 |   2430 |     34 |      0 |      0 |   6 |  410.7 |
        Temple |    162 |    132 |     30 |      0 |      0 |   1 |  162.0 |
               +--------+--------+--------+--------+--------+-----+--------+

Top non-repeatable levels by time:
     D:5: 659 daAuts
     D:2: 480 daAuts
     D:4: 381 daAuts
     D:1: 344 daAuts
     D:6: 343 daAuts
     D:3: 255 daAuts
  Temple: 162 daAuts

Table legend:
 A = Non-vault XP
 B = Vault XP
 C = Vault XP percentage of total XP
 D = Non-vault monster count
 E = Vault monster count
 F = Vault count percentage of total count
                 A         B        C        D         E       F
            +---------+---------+-------+---------+---------+-------
      Total |    2435 |     611 |  20.1 |     117 |      20 |  14.6
            +---------+---------+-------+---------+---------+-------
        D:1 |      49 |       0 |   0.0 |      20 |       0 |   0.0
        D:2 |     176 |     154 |  46.7 |      23 |      17 |  42.5
        D:3 |      86 |       0 |   0.0 |      12 |       0 |   0.0
        D:4 |     416 |       0 |   0.0 |      28 |       0 |   0.0
        D:5 |     758 |     324 |  29.9 |      16 |       2 |  11.1
        D:6 |     950 |     133 |  12.3 |      18 |       1 |   5.3
            +---------+---------+-------+---------+---------+-------
